 Dungeon Crawl Stone Soup version 0.31.0-10-gcf4a605ca0 (webtiles) character file.

Game seed: 6789842564154587529

1566 snackwell the Charlatan (level 8, -5/78 (91) HPs)
             Began as a Gnoll Artificer on Jan 25, 2024.
             Was a Believer of Trog.
             Constricted to death by Jeremiah (9 damage)
             ... on level 6 of the Dungeon.
             The game lasted 00:20:40 (5989 turns).

snackwell the Charlatan (Gnoll Artificer)           Turns: 5989, Time: 00:20:41

HP:   -5/78 (91)    AC: 11    Str: 13    XL:     8   Next: 90%
MP:   13/13         EV: 10    Int: 10    God:    Trog [**....]
Gold: 284           SH:  0    Dex: 14    Spells: 14/14 levels left

rFire   . . .        a - +0 broad axe (flame)
rCold   . . .        (no shield)
rNeg    . . .        j - +0 steam dragon scales
rPois   .            (no helmet)
rElec   .            q - +0 cloak
rCorr   .            h - +0 pair of gloves
SInv    .            i - +1 pair of boots {Fly}
Will    .....        (no amulet) Stlth
                     (no ring)
HPRegen 0.33/turn    (no ring)
MPRegen 0.13/turn

%: no passive effects
@: berserking, grasped by roots, flying, constricted, heavily drained, very
quick
A: fangs 1, strong nose, distributed training
a: Renounce Religion, Berserk, Trog's Hand


You were on level 6 of the Dungeon.
You worshipped Trog.
Trog was pleased with you.
You visited 2 branches of the dungeon, and saw 7 of its levels.

You collected 392 gold pieces.
You spent 108 gold pieces at shops.

Inventory:

Hand Weapons
 a - a +0 broad axe of flaming (weapon)
   (You found it on level 4 of the Dungeon)
 b - a +0 sling
   (You took it off a goblin on level 2 of the Dungeon)
 w - a +1 war axe of electrocution
   (You found it on level 1 of the Dungeon)
Missiles
 y - 8 poisoned darts
Armour
 h - a +0 pair of gloves (worn)
   (You found it on level 1 of the Dungeon)
 i - a +1 pair of boots of flying (worn)
   (You found it on level 1 of the Dungeon)
 j - +0 steam dragon scales (worn)
   (You found it on level 5 of the Dungeon)
 q - a +0 cloak (worn)
   (You found it on level 1 of the Dungeon)
Talismans
 o - a beast talisman
   (You found it on level 3 of the Dungeon)
Wands
 c - a wand of flame (10) (quivered)
 d - a wand of charming (12)
 e - a wand of iceblast (3)
 k - a wand of paralysis (2)
   (You found it on level 6 of the Dungeon)
Scrolls
 l - a scroll of vulnerability
 m - 4 scrolls of teleportation
 n - a scroll of immolation
Potions
 f - a potion of degeneration {unknown}
 g - 2 potions of resistance
 r - a potion of heal wounds {unknown}
 u - a potion of cancellation {unknown}
 v - a potion of curing
 z - a potion of mutation
 A - a potion of might {unknown}


   Skills:
 + Level 4.6 Fighting
 + Level 3.8 Short Blades
 + Level 3.8 Long Blades
 + Level 3.8 Axes
 + Level 3.8 Maces & Flails
 + Level 3.8 Polearms
 + Level 3.8 Staves
 + Level 3.8 Ranged Weapons
 + Level 3.8 Throwing
 + Level 6.0 Armour
 + Level 4.6 Dodging
 + Level 4.5 Stealth
 + Level 3.8 Shields
 + Level 3.8 Unarmed Combat
 + Level 3.8 Spellcasting
 + Level 3.1 Conjurations
 + Level 3.1 Hexes
 + Level 3.1 Summonings
 + Level 3.1 Necromancy
 + Level 3.1 Translocations
 + Level 3.1 Fire Magic
 + Level 3.1 Ice Magic
 + Level 3.1 Air Magic
 + Level 3.1 Earth Magic
 + Level 3.1 Alchemy
 + Level 4.2 Invocations
 + Level 7.6 Evocations
 + Level 3.4 Shapeshifting


You had 14 spell levels left.
You didn't know any spells.
Your spell library was empty.

Dungeon Overview and Level Annotations

Branches:
Dungeon (6/15) Zot: 26248  Temple (1/1) D:4 Zot: 5998

Altars:
Cheibriados
Dithmenos
Fedhas
Hepliaklqana
Makhleb
Okawaru
Qazlal
Ru
Sif Muna
Trog
Uskayaw
Vehumet
Wu Jian
Yredelemnul
The Shining One

Shops:
D:4 *

Annotations:
D:3 3 runed translucent doors, jujuben's ghost, amateur HOMo
D:6 Jeremiah


Innate Abilities, Weirdness & Mutations

You have very sharp teeth.
Your uncanny sense of smell can sniff out nearby items.
Your experience applies equally to all skills.


Message History

Unknown command.
Unknown command.
Aiming: Paralyse
Press: ? - help, Shift-Dir - straight line, f/p - Jeremiah
Aim: Jeremiah, wielding a +4 trident of draining, wearing a +0 robe, wearing an orb of mayhem and carrying a wand of roots (moderately wounded, chance to affect: 50%) Jeremiah resists with some effort.
Jeremiah closely misses you. The grasping roots constrict you.
* * * LOW HITPOINT WARNING * * *
The grasping roots release their grip on you.
Unknown command.
Unknown command.
Unknown command.
Unknown command.
Unknown command.
You closely miss Jeremiah. You punch Jeremiah.
Jeremiah is moderately wounded.
You miss the butterfly. You closely miss the butterfly.
You barely miss the butterfly.
The butterfly disappears in a burst of colours! x3
Jeremiah zaps a wand.
The roots erupt in riotous growth!
The grasping roots grab you!
The butterfly is unaffected.
The butterfly is unaffected.
Jeremiah is unaffected.
The butterfly is unaffected.
The grasping roots constrict you.
* * * LOW HITPOINT WARNING * * *
Unknown command.
Unknown command.
Unknown command.
The roots grasp on you weakens, but your attempt to escape fails.
Jeremiah hits you with a +4 trident of draining.
* * * LOW HITPOINT WARNING * * *
You feel drained.
* * * LOW HITPOINT WARNING * * *
The grasping roots constrict you.
* * * LOW HITPOINT WARNING * * *
Unknown command.
Unknown command.
Unknown command.
A red film seems to cover your vision as you go berserk!
You feel yourself moving faster!
You feel mighty!
Jeremiah hits you with a +4 trident of draining!
* * * LOW HITPOINT WARNING * * *
You feel drained.
* * * LOW HITPOINT WARNING * * *
The grasping roots constrict you!
You die...
Jeremiah says, "O terrible one, your will is done."

..######.#..#..........#
.....# .............###
##...# .....b#...##.#
#.#..#.....bb.b......##
#.............b.......#
...#......b<..b.b....##
..###..........bbb...#
.## #.....>..##bFb...# .#
#.........#.#@b...#
.###..#........#..##....#
..#..#
......$...###.o...#
.....# ....b..)<##
#........
.....##.........#
......#.#
##............b.# .....##
# ###.........b...#
#....# #......##........
#...## ...##.##..........


You could see Jeremiah.

Vanquished Creatures
  Grinder (D:3)
  2 steam dragons (D:5)
  An ice beast (D:5)
  A black bear (D:5)
  An ogre (D:3)
  A phantom (D:4)
  4 scorpions
  A hound (D:4)
  A jelly (D:5)
  3 orc priests
  3 iguanas
  A sleepcap (D:5)
  Terence (D:2)
  5 orc wizards
  3 adders
  4 ribbon worms
  6 dart slugs
  11 orcs
  2 ball pythons (D:4)
  9 bats
  5 endoplasms
  4 giant cockroaches
  6 goblins
  7 hobgoblins
  4 jackals
  6 kobolds
  6 quokkas
  6 frilled lizards
  7 rats
112 creatures vanquished.

Vanquished Creatures (others)
  2 adders
2 creatures vanquished.

Grand Total: 114 creatures vanquished

Notes
Turn   | Place    | Note
-------+----------+-------------------------------------------
     0 | D:1      | snackwell the Gnoll Artificer began the quest for the Orb.
     0 | D:1      | Reached XP level 1. HP: 17/17 MP: 1/1
   231 | D:1      | Reached XP level 2. HP: 23/23 MP: 2/2
   349 | D:1      | You are sucked into a shaft and drop 1 floor!
   351 | D:2      | Noticed Terence
   366 | D:2      | Found a faded altar of an unknown god.
   393 | D:2      | Killed Terence
   394 | D:2      | Reached skill level 1 in Invocations
   394 | D:2      | Reached XP level 3. HP: 28/28 MP: 2/4
   441 | D:2      | Reached skill level 1 in Short Blades
   441 | D:2      | Reached skill level 1 in Long Blades
   441 | D:2      | Reached skill level 1 in Axes
   441 | D:2      | Reached skill level 1 in Maces & Flails
   441 | D:2      | Reached skill level 1 in Polearms
   441 | D:2      | Reached skill level 1 in Staves
   441 | D:2      | Reached skill level 1 in Ranged Weapons
   441 | D:2      | Reached skill level 1 in Throwing
   441 | D:2      | Reached skill level 1 in Shields
   441 | D:2      | Reached skill level 1 in Unarmed Combat
   441 | D:2      | Reached skill level 1 in Spellcasting
   493 | D:2      | Prayed at the altar of an unknown god.
   493 | D:2      | Became a worshipper of Trog the Wrathful
   493 | D:2      | Reached * piety under Trog
   559 | D:2      | Reached skill level 1 in Shapeshifting
   559 | D:2      | Reached XP level 4. HP: 34/34 MP: 5/5
  1217 | D:2      | Reached skill level 1 in Conjurations
  1217 | D:2      | Reached skill level 1 in Hexes
  1217 | D:2      | Reached skill level 1 in Summonings
  1217 | D:2      | Reached skill level 1 in Necromancy
  1217 | D:2      | Reached skill level 1 in Translocations
  1217 | D:2      | Reached skill level 1 in Fire Magic
  1217 | D:2      | Reached skill level 1 in Ice Magic
  1217 | D:2      | Reached skill level 1 in Air Magic
  1217 | D:2      | Reached skill level 1 in Earth Magic
  1217 | D:2      | Reached skill level 1 in Alchemy
  1697 | D:3      | Noticed a +0 falchion
  1697 | D:3      | Noticed a +0 spear
  1697 | D:3      | Noticed a +0 dagger
  1697 | D:3      | Noticed a +0 spear
  1697 | D:3      | Noticed a +0 dagger
  1697 | D:3      | Noticed a +0 short sword
  1698 | D:3      | Noticed a +0 short sword
  1699 | D:3      | Noticed a +0 falchion
  1750 | D:3      | Found a burning altar of Makhleb.
  1750 | D:3      | Noticed an Executioner
  1764 | D:3      | Noticed a ynoxinul
  1764 | D:3      | Noticed a hellwing
  1798 | D:3      | Reached ** piety under Trog
  1883 | D:3      | Noticed an ogre
  1888 | D:3      | Noticed Grinder
  1890 | D:3      | Killed an ogre
  1891 | D:3      | Reached XP level 5. HP: 41/41 MP: 5/7
  1915 | D:3      | Killed Grinder
  1916 | D:3      | Reached skill level 5 in Armour
  1916 | D:3      | Reached XP level 6. HP: 21/47 MP: 7/9
  2257 | D:3      | Found a runed translucent gate.
  2257 | D:3      | Found a runed translucent gate.
  2257 | D:3      | Found a runed translucent gate.
  2259 | D:3      | Noticed jujuben's ghost (amateur HOMo)
  2407 | D:3      | Found a hide-covered altar of Uskayaw.
  2619 | D:4      | Found a shimmering blue altar of Sif Muna.
  2630 | D:4      | Reached skill level 7 in Evocations
  2630 | D:4      | Reached XP level 7. HP: 52/52 MP: 10/10
  3023 | D:4      | Found a staircase to the Ecumenical Temple.
  3033 | Temple   | Entered the Ecumenical Temple
  3148 | D:4      | Found Ea-nāṣir's Fine Metal Goods.
  3152 | D:4      | Bought a kite shield for 108 gold pieces
  3231 | D:4      | Found a stormy altar of Qazlal.
  3809 | D:5      | Entered Level 5 of the Dungeon
  3809 | D:5      | Noticed a steam dragon
  4370 | D:5      | Reached XP level 8. HP: 60/60 MP: 12/12
  5119 | D:5      | Found a sacrificial altar of Ru.
  5502 | D:6      | Found a hazy altar of Hepliaklqana.
  5540 | D:6      | Noticed Jeremiah
  5768 | D:6      | Reached *** piety under Trog
  5989 | D:6      | Constricted to death by Jeremiah

Illustrated notes

Levels and vault maps discovered:
D:1:      minmay_arrival_split_and_join, layout_basic
D:2:      layout_loops_ring, dreamdust_ecumenical_altar_angels_and_demons,
          serial_park_tiny_2, uniq_terence
D:3:      layout_basic, nicolae_uskayaw_en_pointe, makhleb_altar_promises_db,
          gammafunk_ghost_necromancy, uniq_grinder
D:4:      kennysheep_spiral_hall, layout_basic, kennysheep_mini_moat,
          amcnicky_altar_gilded, minmay_temple_entry_sparse_star,
          nicolae_ea-nasir_strikes_again, minmay_unequal
D:5:      layout_basic, lemuel_coloured_pillars_altar
D:6:      layout_cave_pools, mainiacjoe_overflow_catwalk,
          mainiacjoe_overflow_boulevard, kennysheep_opposing_triangles,
          uniq_jeremiah
Temple:   pf_temple_reverse_labyrinth

Skill      XL: |  1  2  3  4  5  6  7  8 |
---------------+-------------------------+-----
Invocations    | 1 2 3 4 |  4.2
Short Blades   | 1 2 3 |  3.8
Long Blades    | 1 2 3 |  3.8
Axes           | 1 2 3 |  3.8
Maces & Flails | 1 2 3 |  3.8
Polearms       | 1 2 3 |  3.8
Staves         | 1 2 3 |  3.8
Ranged Weapons | 1 2 3 |  3.8
Throwing       | 1 2 3 |  3.8
Shields        | 1 2 3 |  3.8
Unarmed Combat | 1 2 3 |  3.8
Spellcasting   | 1 2 3 |  3.8
Shapeshifting  | 1 2 3 |  3.4
Conjurations   | 1 2 3 |  3.1
Hexes          | 1 2 3 |  3.1
Summonings     | 1 2 3 |  3.1
Necromancy     | 1 2 3 |  3.1
Translocations | 1 2 3 |  3.1
Fire Magic     | 1 2 3 |  3.1
Ice Magic      | 1 2 3 |  3.1
Air Magic      | 1 2 3 |  3.1
Earth Magic    | 1 2 3 |  3.1
Alchemy        | 1 2 3 |  3.1
Fighting       | 3 4 |  4.6
Dodging        | 3 4 |  4.6
Armour         | 5 6 |  6.0
Stealth        | 3 4 |  4.5
Evocations     | 7 |  7.6

Action                     |  1- 3 |  4- 6 |  7- 9 || total
---------------------------+-------+-------+-------++-------
  Melee: Club              |    35 |       |       ||    35
         Bite              |     5 |    12 |    20 ||    37
         Punch             |     3 |     1 |     5 ||     9
         War axe           |    28 |   101 |    78 ||   207
         Broad axe         |       |       |    69 ||    69
   Fire: Sling             |       |    61 |   101 ||   162
 Invoke: Berserk           |       |     1 |     5 ||     6
         Trog's Hand       |       |     1 |       ||     1
  Evoke: Wand              |     7 |     2 |     3 ||    12
    Use: Scroll            |       |       |    12 ||    12
         Potion            |       |       |     1 ||     1
 Armour: Ring mail         |    44 |    82 |    94 ||   220
         Steam dragon scal |       |       |    62 ||    62
  Dodge: Dodged            |    55 |    85 |   110 ||   250
